[Event "4NCL 2022-2023"]
[Site "Daventry"]
[Date "2023.03.19"]
[Round "8.23"]
[White "Serbanescu, Diana-Maria"]
[Black "Kolbus, Dietmar"]
[Result "0-1"]
[ECO "B01"]
[WhiteElo "1978"]
[BlackElo "2277"]
[Annotator "TA"]
[PlyCount "184"]
[EventDate "2022.10.20"]
[EventType "team-tourn"]
[EventCountry "ENG"]
[SourceTitle "playchess.com"]
[Source "ChessBase"]
[SourceQuality "1"]
[TimeControl "40/6000+30:2400+30"]

1. e4 d5 2. exd5 Qxd5 3. Nc3 Qd6 4. d4 Nf6 5. Nge2 c6 6. a3 {[%emt 0:04:19] B01: Scandinavian Defence.} Bf5 7. Bf4 Qd8 8. Qd2 {[%emt 0:01:40] White is slightly better.} e6 9. Ng3 Bg6 10. Be2 Nbd7 {[%emt 0:00:20] [#]} 11. h4 $146 {[%emt 0:03:37] aiming for h5.} ({Predecessor:} 11. h3 Nb6 12. O-O Be7 13. Rfe1 O-O 14. Bf1 Nbd5 15. Nce2 h6 16. c4 Nxf4 17. Nxf4 {½-½ Moll Pons,J (1768)-Gil Jimenez,R (1412) ESP-ch U14 Salobrena 2021 (2)}) 11... h6 12. h5 Bh7 13. Bd3 Bxd3 14. Qxd3 Nb6 15. Nge4 Nxe4 16. Nxe4 Qd5 17. O-O-O O-O-O 18. Kb1 {[%emt 0:01:54] Black is weak on the dark squares} Qb5 19. Qxb5 cxb5 20. Nc3 a6 21. Rd3 Bd6 22. Bxd6 Rxd6 23. Rhd1 Nd5 24. Nxd5 Rxd5 $11 {[%emt 0:00:06][%mdl 4096] Endgame KRR-KRR} 25. g4 Rhd8 26. f3 Kd7 27. c3 Ke7 28. Kc2 Kf6 (28... f5 $11) 29. b3 (29. Re3 $14) 29... Rc8 30. Re1 Rc7 31. Re2 g6 32. hxg6 Kxg6 33. Re1 h5 34. gxh5+ Rxh5 35. Re2 Kf6 36. Rg2 Rc8 37. Re3 Rh1 38. Rf2 Ra1 39. Kb2 {[%emt 0:00:20] Inhibits Ra2+.} Rd1 40. Kc2 (40. f4 $11) 40... Rxd4 $17 41. Rh2 Rd5 42. Rh6+ Kg7 43. Rh2 Rcd8 44. Rg2+ Kf6 45. Rh2 Rd1 46. c4 (46. Re4 $17 {might work better.}) 46... bxc4 $19 47. bxc4 R1d4 48. Rc3 Rc8 49. Kb3 Rc6 50. a4 Rb6+ 51. Ka3 a5 ({Black should play} 51... Rb1 $19 52. a5 Rf4) 52. Rh5 $17 Rb4 {[%emt 0:00:41] Strongly threatening ...b6.} 53. Rxa5 Rdxc4 54. Rxc4 Rxc4 $15 {[%emt 0:00:02] KR-KR} 55. Rb5 Rc7 {[%emt 0:02:53] Hoping for ...e5.} 56. Kb4 (56. f4 $1 $11) 56... Ke7 (56... e5 $1 $17 {Threatens to win with ...Kf5.} 57. Ka5 Re7) 57. Ka5 $11 Kd8 58. f4 {[%emt 0:05:59] [#]} (58. Kb6 $1 $11 {remains equal.}) 58... Kc8 (58... Rd7 $1 $17 ) 59. f5 Rc6 60. fxe6 Ra6+ 61. Kb4 Rxe6 62. Rf5 f6 63. a5 Kc7 64. Kc4 Kb8 65. Rh5 Ka7 66. Rh7 Ka6 67. Rf7 Re4+ 68. Kd3 Rf4 69. Ke3 Rf1 70. Ke2 Rf5 71. Ke3 Rb5 72. Rxf6+ Kxa5 {[%emt 0:00:00] ( -> ...Rd5)} 73. Kd4 $2 {[%emt 0:00:00][%mdl 8192] [#] Inhibits Rd5+. White is on the road to losing.} (73. Rf7 $11) 73... Rb3 $1 74. Kc4 Ka4 $2 (74... Rg3 {mates} 75. Rf5+ Ka4 76. Rf4 b5+ 77. Kc5+ Ka5 78. Rf8 Rc3+ 79. Kd4 b4 80. Rf7 Ka4 81. Rg7 Kb3 82. Rh7 Kb2 83. Rh8 b3 84. Rg8 Rh3 85. Kc4 Ka2 86. Kb4 b2 87. Ra8+ Kb1 88. Rc8 Rh4+ 89. Kb3 Rh6 90. Kb4 Rb6+ 91. Kc3 Rd6 92. Rh8 Ra6 93. Rh1+ Ka2 94. Rh2 Ka1 95. Rxb2 Rc6+ 96. Kb3 Rb6+ 97. Kc2 Rxb2+ 98. Kc3 Ra2 99. Kc4 Rd2 100. Kc3 Rd8 101. Kc2 Ka2 102. Kc3 Ka3 103. Kc4 Ka4 104. Kc5 Kb3 105. Kb5 Rd5+ 106. Kc6 Kc4 107. Kb6 Rd6+ 108. Kc7 Kc5 109. Kb7 Rd7+ 110. Kc8 Kc6 111. Kb8 Rd8+ 112. Ka7 Re8 113. Ka6 Ra8#) 75. Rf8 $2 (75. Kc5 $11) 75... b5+ {[%emt 0:00:00] Black mates.} 76. Kc5 Rc3+ 77. Kd4 b4 78. Ra8+ Kb3 79. Rb8 Rh3 80. Rb7 Rh4+ 81. Kd3 Kb2 82. Kd2 b3 83. Rb8 Rd4+ 84. Ke3 Rd7 85. Ke2 Kc2 86. Rc8+ Kb1 87. Rb8 b2 88. Rb6 Rd5 89. Rb8 Ra5 90. Kd2 Ka2 91. Kc2 {[%emt 0:00:00] [#]} b1=Q+ $1 92. Rxb1 Rc5+ {[%emt 0:00:00][%mdl 64] Deflection.   Weighted Error Value: White=0.16 (very precise) /Black=0.16 (very precise)} 0-1

[Event "4NCL 2022-2023"]
[Site "Daventry"]
[Date "2023.03.19"]
[Round "8.24"]
[White "Terbe, Julianna"]
[Black "Maciol, Ryszard"]
[Result "0-1"]
[ECO "D02"]
[WhiteElo "2278"]
[BlackElo "2136"]
[Annotator "TA"]
[PlyCount "88"]
[EventDate "2022.10.20"]
[EventType "team-tourn"]
[EventCountry "ENG"]
[SourceTitle "playchess.com"]
[Source "ChessBase"]
[SourceQuality "1"]
[TimeControl "40/6000+30:2400+30"]

1. Nf3 d5 2. d4 Nf6 3. g3 Bf5 4. c4 e6 5. Nc3 c6 6. Nh4 {[%emt 0:00:30] D02: 1 d4 d5 2 Nf3 sidelines, including 2...Nf6 3 g3 and 2...Nf6 3 Bf4.} Bg4 7. f3 Bh5 8. Qb3 {[%emt 0:00:30] White is slightly better.} Qc8 9. g4 Bg6 {[%emt 0:00:30] [#]} 10. Nxg6 $146 ({Predecessor:} 10. Bf4 Be7 11. e3 Nbd7 12. Rc1 O-O 13. Nxg6 hxg6 14. Kf2 dxc4 15. Bxc4 Nb6 16. Bd3 {0-1 Koubova,A (1805)-Havanecz,B (2181) Mitropa Cup (Women) 2017 (9.4)}) 10... hxg6 11. Bf4 {[%emt 0:00:30] Prevents Bd6.} Na6 12. e3 Nc7 13. Rc1 (13. Bg3 $14) 13... dxc4 $11 14. Bxc4 (14. Qxc4 Ncd5 15. Ne2 Nxf4 16. Nxf4 Qc7 $17) 14... Nfd5 15. Nxd5 exd5 16. Bd3 Be7 17. Kf2 Ne6 18. Bg3 Bh4 19. Qc2 Qd7 20. b4 a6 21. a4 Qe7 22. Qb3 O-O 23. f4 Rfe8 (23... a5 {with more complications.} 24. b5 c5 25. dxc5 Nxc5 26. Qxd5 b6) 24. Rce1 g5 25. Bxh4 gxh4 26. g5 g6 27. Rhg1 {[%emt 0:00:00] [#]} a5 $1 28. bxa5 c5 (28... Rxa5 $17 29. Bc2 Qc7) 29. Bb5 ({Reject} 29. Qxd5 cxd4 30. Qe5 (30. exd4 $2 Qb4 $19) 30... Qb4 $15) 29... Red8 (29... c4 $15 {is more appropriate.} 30. Qd1 Red8) 30. Rg4 Qd6 ({Black should try} 30... c4 $15 31. Qc3 Ng7) 31. Rxh4 c4 $1 $36 {[%emt 0:00:00][%mdl 2048] Black is more active.} 32. Qc3 Ng7 33. Rg4 (33. Kf1 $11 {remains equal.}) 33... Qe6 {[%emt 0:02:41][%mdl 1024] Black has strong compensation.} 34. h3 (34. Rg3 $15) 34... Qe4 (34... Nf5 $17 35. Kg1 Qe4) 35. h4 (35. f5 $1 $11 Qxf5+ 36. Kg2) 35... Nf5 $17 {[%emt 0:01:09] Black is more active.} 36. Rc1 (36. Qb2 $17) 36... Kg7 $19 37. h5 gxh5 38. Rg2 h4 {[%emt 0:00:37][%cal Od8e8] ...Re8! is the strong threat.} (38... Nh4 39. Rg3 $17) 39. Rh1 (39. Rh2 $17 {was called for.}) 39... Rh8 {[%emt 0:01:00] ...h3 would be deadly.} 40. Rh3 Ng3 41. Rgh2 Qf5 {[%emt 0:00:00] Hoping for ...Ne4+.} ({And not} 41... Qb1 42. Qe1 Ne4+ 43. Kf1 Qd3+ 44. Kg1 $15) 42. Qa3 $2 {[%emt 0:08:53] [#]} (42. Qc1 $19 Qg4 43. Qc2) 42... Qc2+ {[%emt 0:01:08] Black mates.} ({Worse is} 42... Rxa5 43. Rxh4 Rxh4 44. Rxh4 Ne4+ 45. Ke1 $15) 43. Ke1 Qb1+ 44. Kd2 c3+ {[%emt 0:01:09][%mdl 64] Decoy. Excellently played by Maciol!   Weighted Error Value: White=0.44/Black=0.18 (very precise)} 0-1

[Event "4NCL 2022-2023"]
[Site "Daventry"]
[Date "2023.03.19"]
[Round "8.25"]
[White "Sarakauskas, Gediminas"]
[Black "Murphy, Conor E"]
[Result "0-1"]
[ECO "C54"]
[WhiteElo "2387"]
[BlackElo "2431"]
[Annotator "TA"]
[PlyCount "102"]
[EventDate "2022.10.20"]
[EventType "team-tourn"]
[EventCountry "ENG"]
[SourceTitle "playchess.com"]
[Source "ChessBase"]
[SourceQuality "1"]
[TimeControl "40/6000+30:2400+30"]

1. e4 e5 2. Nf3 Nc6 3. Bc4 Nf6 4. d3 Bc5 5. O-O d6 6. c3 a5 {[%emt 0:03:16] C54: Giuoco Piano: 4 c3 Nf6, main lines with 5 d4 and 5 d3.} 7. Nbd2 O-O 8. h3 Be6 {[%emt 0:04:38] The position is equal.} 9. Re1 Ba7 10. Bb3 Bxb3 11. Qxb3 {[%emt 0:00:42] [#]} a4 $146 ({Predecessor:} 11... Qd7 12. Nf1 h6 13. a4 Rfe8 14. Be3 Bxe3 15. Nxe3 Ne7 16. Rad1 Ng6 17. Nh2 b6 {1-0 Korneev,O (2521)-Jahncke,G (2326) Heraklion Fischer Memorial 8th 2022 (6)}) 12. Qc2 (12. Qxa4 $2 Bxf2+ 13. Kxf2 Rxa4 $19) (12. Qxb7 Qd7 13. d4 Bb6 $15) 12... d5 13. Nf1 d4 14. Ng3 Nd7 15. cxd4 Nxd4 16. Nxd4 Bxd4 17. Nf5 Bb6 18. Be3 Bxe3 19. Nxe3 c6 20. Rad1 Qb6 {[%emt 0:01:49] Repels d4} 21. Qc3 Qc5 22. Qxc5 Nxc5 23. Nc4 f6 24. d4 exd4 25. Rxd4 Rfd8 26. Red1 Rxd4 27. Rxd4 $11 {[%emt 0:00:02][%mdl 4096] Endgame KRN-KRN} Kf7 28. f3 Ke7 29. Kf2 g6 30. Ke3 b5 31. Nd2 Ne6 32. Rd3 c5 33. Rd5 Rc8 34. f4 {[%emt 0:00:00] [#]} a3 35. b3 (35. bxa3 $14 Rc6 36. Nb3) 35... Nd4 $15 {[%emt 0:00:24] ...Nc2+ would be deadly.} 36. Kd3 {[%emt 0:00:00][%mdl 8192] [#] Wards off Nc2. Black keeps a firm grip on the game.} (36. e5 $15) 36... Nc6 $1 $19 37. Rxc5 Nb4+ {[%emt 0:00:09][%mdl 64] Discovered Attack, Double Attack} 38. Kd4 Nc2+ 39. Kd5 Nb4+ 40. Kd4 Nc2+ 41. Kd5 Rd8+ {[%emt 0:41:15][%mdl 64] Skewer} 42. Kc6 Rxd2 43. Kxb5 {[%emt 0:00:00] KRN-KR} Nd4+ (43... Rxg2 $2 {loses.} 44. Rc7+ Ke8 45. Rxh7 $19) 44. Kb4 Rxa2 {[%emt 0:02:50][%cal Oa2c2] Black is clearly winning.} 45. Rc7+ Ke6 {[%emt 0:00:00] ...Rc2 is the strong threat.} 46. g4 (46. Rxh7 $142 Rxg2 47. Kxa3) 46... h6 (46... Rh2 $142 {Threatens to win with ...a2.} 47. f5+ Kd6) 47. f5+ gxf5 48. exf5+ Ke5 49. Re7+ Kf4 50. Rf7 Nc2+ 51. Kc3 Ne3 {[%emt 0:00:00] Weighted Error Value: White=0.49/Black=0.50} 0-1

[Event "4NCL 2022-2023"]
[Site "Daventry"]
[Date "2023.03.19"]
[Round "8.26"]
[White "Bisby, Daniel L"]
[Black "Delaney, Killian"]
[Result "1/2-1/2"]
[ECO "B11"]
[WhiteElo "2277"]
[BlackElo "2300"]
[Annotator "TA"]
[PlyCount "82"]
[EventDate "2022.10.20"]
[EventType "team-tourn"]
[EventCountry "ENG"]
[SourceTitle "playchess.com"]
[Source "ChessBase"]
[SourceQuality "1"]
[TimeControl "40/6000+30:2400+30"]

1. e4 c6 2. Nf3 d5 3. Nc3 Bg4 4. Be2 dxe4 5. Nxe4 Nf6 6. Nxf6+ {[%emt 0:02:18] B11: Caro-Kann: Two Knights Variation.} exf6 7. d4 Bd6 8. Nd2 {[%emt 0:03:43] [#]} Be6 $146 ({Predecessor:} 8... Qe7 9. c3 Nd7 10. Nc4 Bc7 11. Be3 Bxe2 12. Qxe2 O-O 13. O-O f5 14. Qf3 Qe4 15. Nd2 Qxf3 16. Nxf3 Nf6 17. Rae1 Rfe8 18. Bc1 Rxe1 19. Rxe1 Re8 20. Rxe8+ Nxe8 {½-½ Rohde,M-Mohand Oussaid,M GER DESC email 2008}) 9. Ne4 Be7 10. O-O Nd7 11. c4 {[%emt 0:02:03] [#] And now d5 would win.} f5 12. d5 Bxd5 (12... fxe4 $11 13. dxe6 fxe6) 13. cxd5 $14 fxe4 14. dxc6 bxc6 15. Qa4 Qb6 16. Qxe4 {[%emt 0:02:48] Black must now prevent Bf3.} Nf6 17. Qc2 Nd5 18. b3 O-O 19. Bb2 Bf6 20. Bxf6 Nxf6 21. Rac1 Rac8 22. Qc5 Ne4 23. Qf5 {[%emt 0:04:11] Black is weak on the light squares} (23. Qxb6 {simplifies} axb6 24. Rfd1 h6 25. Bf1) 23... Rfe8 24. Rc2 Rcd8 25. Bf3 Nd2 26. Rfc1 (26. Rxc6 $2 Nxf1 27. Rxb6 Re1 $19) 26... g6 27. Qf6 Re6 $132 {[%emt 0:02:26][%mdl 2048] Black is fighting back} 28. Qc3 Red6 (28... Nxf3+ {simplifies} 29. Qxf3 Qa5 30. h3 Rdd6) 29. h3 (29. Bxc6 $2 Nxb3 30. axb3 Rd1+ $19) 29... Rd3 30. Qxc6 {[%emt 0:00:22] aiming for Be2.} Nxf3+ 31. gxf3 Qa5 32. Qf6 {[%emt 0:05:40] With the idea Rc7.} R3d6 33. Qf4 (33. Qe7 $5 ) 33... Rd1+ 34. Rxd1 (34. Kg2 $11) 34... Rxd1+ $11 {[%emt 0:00:03][%mdl 4096] Endgame KQR-KQR} 35. Kg2 Qe1 {[%emt 0:00:18][%csl Gd1][%cal Re1g1][%mdl 1024] [#] Black has compensation.} 36. Qh2 {[%emt 0:02:54] Prevents Qg1+} (36. Kg3 $2 Qg1+ 37. Kh4 Rd5 $19) 36... Qf1+ (36... g5 37. Rc8+ Kg7 38. Rc5 $11) 37. Kg3 Qd3 38. Rc4 Rd2 (38... h5 $15) 39. Kg2 {[%emt 0:01:37] Threatens to win with Qb8+.} Qe3 (39... Rxa2 {is a self mate.} 40. Qb8+ Kg7 41. Qe5+ f6 42. Qe7+ {[%mdl 64] Deflection} Kh6 43. Qf8+ Kh5 44. Rh4+ {[%mdl 64] Skewer} Kg5 45. f4+ (45. Rxh7 Rxf2+ {[%mdl 64] Decoy} 46. Kxf2 Qd2+ 47. Kg1 Qd1+ 48. Kh2 Qd2+ 49. Kg1 Qd1+ 50. Kh2 Qe2+ 51. Kh1 Qd1+ 52. Kh2 $11) 45... Kf5 46. Qc8+ (46. Rxh7 {leads to mate.} Qe4+ 47. Kg3 Qxf4+ 48. Kg2 Rxf2+ 49. Kh1 Qh2#) 46... Ke4 47. f5+ (47. Rxh7 $2 Qf3+ {[%mdl 64] Deflection, Double Attack} 48. Kh2 Rxf2+ 49. Kg1 Qg2#) 47... Kd5 48. Qd7+ (48. Rxh7 Qe4+ 49. Kg3 Qe5+ 50. Kg2 Qe4+ 51. Kg3 Qe5+ 52. Kg2 Qe4+ $11) 48... Kc5 49. Qxd3) (39... Qe2 $5 40. Qb8+ Kg7 41. Qxa7 Rd1 $11) 40. Qg3 Rxa2 41. Re4 {[%emt 0:00:00] Threatening mate with Qb8+.} Qc5 {[%emt 0:00:00] Weighted Error Value: White=0.10 (very precise) /Black=0.10 (very precise)} 1/2-1/2

[Event "4NCL 2022-2023"]
[Site "Daventry"]
[Date "2023.03.19"]
[Round "8.27"]
[White "Wall, Gavin"]
[Black "McClement, Andrew"]
[Result "0-1"]
[ECO "B53"]
[WhiteElo "2290"]
[BlackElo "2210"]
[Annotator "TA"]
[PlyCount "88"]
[EventDate "2022.10.20"]
[EventType "team-tourn"]
[EventCountry "ENG"]
[SourceTitle "playchess.com"]
[Source "ChessBase"]
[SourceQuality "1"]
[TimeControl "40/6000+30:2400+30"]

1. e4 c5 2. Nf3 d6 3. d4 cxd4 4. Qxd4 Nc6 5. Bb5 Bd7 6. Bxc6 Bxc6 7. Nc3 Nf6 8. Bg5 e6 9. O-O-O Be7 10. Rhe1 O-O 11. Qd2 a6 {[%emt 0:27:16] B53: Sicilian: 2...d6: Lines with Qxd4.} (11... h6 $5 12. Bf4 (12. Bxf6 Bxf6 13. a3 Qb6 $15) 12... d5 $11) 12. Nd4 Rc8 13. f4 h6 {[%emt 0:04:49] The position is equal.} 14. Bxf6 ({Better is} 14. Bh4 $1 $11) 14... Bxf6 $15 15. Kb1 b5 16. Nxc6 Rxc6 {[%emt 0:00:03] [#]} 17. Re3 $146 ({Predecessor:} 17. Ne2 Qb6 18. Nd4 Rc4 19. Nf3 Rfc8 20. Qxd6 Qa5 21. Qd2 Qa4 22. b3 Qa3 23. Qc1 {0-1 Calcado,A (2201)-Pires,M (2100) American Continental 06th 2009 (6)}) 17... Qc7 18. Ne2 Rc8 19. Rc1 Rc4 20. Ng3 Qc5 21. Qe2 Bd4 {[%emt 0:06:03] Black is more active. White is weak on the dark squares} (21... Bxb2 $6 22. Kxb2 Rc3 23. Rxc3 Qxc3+ 24. Kb1 $11) 22. Rd3 a5 (22... Qb4 23. Rb3 Qc5 24. Nf1) 23. e5 dxe5 $40 {[%emt 0:00:49][%mdl 128] Black is out for blood.} 24. Ne4 Qb6 25. fxe5 Bxe5 26. Nd2 Bf6 ({Stronger than} 26... Bxh2 27. g3 $11) 27. Rb3 R4c5 28. Ne4 $2 {[%emt 0:00:24] [#]} (28. a4) 28... Rxc2 $3 29. Nxf6+ (29. Qxc2 Rxc2) 29... gxf6 30. Qxc2 Rxc2 31. Rxc2 {[%emt 0:00:13][%mdl 4096] Endgame KQ-KRR} f5 32. a4 {[%emt 0:05:16] [#]} b4 33. Ka2 Qd6 34. Rg3+ Kf8 35. b3 f4 {[%emt 0:00:19] Black is clearly winning.} 36. Rf3 e5 37. Rcf2 (37. Re2 $142 Qd1 38. Rff2) 37... e4 38. Rxf4 {[%emt 0:00:09] [#]} e3 $1 39. Rxf7+ Ke8 40. R2f6 e2 ({Weaker is} 40... Qxh2 41. Rf8+ Kd7 42. R8f7+ Ke8 43. Rf8+ Kd7 44. R8f7+ Ke8 $11) 41. Rxd6 Kxf7 42. Rd5 e1=Q {[%emt 0:00:36] ( -> ...Qe2+)} (42... e1=B 43. Rxa5 Ke6 44. Ra6+ Kd7 45. Rxh6 $18) 43. Rxa5 Qe2+ 44. Kb1 Qf1+ {[%emt 0:00:33] White did not feel at home in the position after the opening.   Weighted Error Value: White=0.57/Black=0.07 (flawless)} 0-1

[Event "4NCL 2022-2023"]
[Site "Daventry"]
[Date "2023.03.19"]
[Round "8.28"]
[White "Hill, Alistair"]
[Black "Freeman, Gordon"]
[Result "1-0"]
[ECO "B81"]
[WhiteElo "2173"]
[BlackElo "2094"]
[Annotator "TA"]
[PlyCount "51"]
[EventDate "2022.10.20"]
[EventType "team-tourn"]
[EventCountry "ENG"]
[SourceTitle "playchess.com"]
[Source "ChessBase"]
[SourceQuality "1"]
[TimeControl "40/6000+30:2400+30"]

1. e4 c5 2. Nf3 d6 3. d4 cxd4 4. Nxd4 Nf6 5. Nc3 e6 6. g4 h6 7. Rg1 Nc6 8. Be3 $1 {[%emt 0:00:25] 8.Be3 is better than 8.h4.} a6 9. Nxc6 {[%emt 0:04:19] B81: Sicilian Scheveningen: Keres Attack.} bxc6 10. Qf3 Rb8 11. O-O-O {[%emt 0:25:39] White is slightly better.} Qa5 (11... Qc7 $11) 12. Bc4 $16 {[%emt 0:00:09] [#]} d5 $146 ({Predecessor:} 12... Nd7 13. Bb3 Nc5 14. Kb1 Nxb3 15. axb3 e5 16. h4 Be6 17. Qg3 Be7 18. f4 f6 {1-0 Grachev,A (2349)-Kirillov,D (2200) Cheliabinsk Panchenko Memorial op-A 2022 (7)}) 13. Bb3 Bb4 (13... Qc7 $16 {might work better.}) 14. Bd4 $18 {[%emt 0:05:14] exd5 is the strong threat.} Be7 (14... Qc7 $142) 15. exd5 cxd5 16. h4 Bb7 $2 {[%emt 0:06:28] [#]} (16... Rb4 17. a3 Rxd4 18. Rxd4 Qc5) 17. Qe3 Bc6 18. g5 hxg5 19. hxg5 Ne4 20. Nxe4 ({Not} 20. Bxg7 Rg8 $16) 20... dxe4 21. Bxg7 Rg8 22. Bf6 {[%emt 0:00:06] Black must now prevent Qa7.} Bc5 {[%emt 0:03:56] Repels Qa7} (22... Rb7 $142 23. Bxe7 Rxe7) 23. Qf4 Qb6 {[%emt 0:02:41] [#]} 24. g6 $1 {[%emt 0:10:16][%mdl 576] Deflection} fxg6 25. Bxe6 {[%emt 0:00:28] Bf7+ would kill now.} Bxf2 26. Qe5 {[%emt 0:00:07][%mdl 64] Decoy. White took control after the opening.   Weighted Error Value: White=0.07 (flawless) /Black=0.79} 1-0

[Event "4NCL 2022-2023"]
[Site "Daventry"]
[Date "2023.03.19"]
[Round "8.29"]
[White "Venkatesan, Kavin"]
[Black "Robertson, J Stuart"]
[Result "1/2-1/2"]
[ECO "D25"]
[WhiteElo "2184"]
[BlackElo "2155"]
[Annotator "TA"]
[PlyCount "208"]
[EventDate "2022.10.20"]
[EventType "team-tourn"]
[EventCountry "ENG"]
[SourceTitle "playchess.com"]
[Source "ChessBase"]
[SourceQuality "1"]
[TimeControl "40/6000+30:2400+30"]

1. d4 d5 2. c4 dxc4 3. Nf3 Nf6 4. e3 Bg4 5. Bxc4 e6 6. h3 Bh5 7. Nbd2 a6 {[%emt 0:01:50] D25: Queen's Gambit Accepted: 4 e3: sidelines and 4...Bg4.} (7... Nbd7 $11) 8. b3 ({Better is} 8. g4 $16 Bg6 9. h4) 8... Nc6 9. Bb2 Bb4 {[%emt 0:05:25] White is slightly better.} 10. a3 {[%emt 0:05:43] [#]} Bxd2+ $146 ({Predecessor:} 10... Bxf3 11. gxf3 Be7 12. Rg1 O-O 13. Qc2 g6 14. f4 Qd7 15. h4 Rad8 16. Be2 Nd5 {½-½ Csonka,B (2277)-Madl,I (2376) Zalakaros op 31st 2012 (2)}) 11. Qxd2 Ne4 12. Qc2 Bxf3 (12... Bg6 $14) 13. gxf3 $16 Nd6 14. d5 (14. Rg1 {simplifies} Ne7 15. O-O-O Rg8 16. Qxh7 Qd7 17. Rxg7 Rxg7 18. Qxg7 O-O-O 19. Be2) 14... exd5 15. Bxd5 ({Don't play} 15. Bxg7 $6 Rg8 16. Qxh7 Rxg7 17. Qxg7 dxc4 $11) 15... Ne7 16. Bxg7 Rg8 17. Bf6 Rg6 18. Bh4 {[%emt 0:06:31] White is much more active. This pair of bishops is nice.} Rh6 19. Bg5 (19. Bxe7 {simplifies} Qxe7 20. f4 O-O-O 21. a4) 19... Rg6 20. Bh4 Rh6 $1 21. Bg5 Rg6 22. Bxe7 Qxe7 23. Be4 (23. f4 $16) 23... Nxe4 $11 24. Qxe4 Qxe4 25. fxe4 {[%emt 0:00:04][%mdl 4096] Endgame KRR-KRR} O-O-O 26. Rd1 Re8 (26... Rb6 $11) 27. Rd4 $1 $16 c5 28. Rd5 b6 29. Rf5 Re7 30. Ke2 Rc7 31. Rh5 h6 32. Rc1 Re6 33. Rc4 Rec6 34. Rf5 b5 35. Rc3 Kd8 36. Rd5+ Ke7 37. Re5+ Kf6 38. Rf5+ Ke7 39. Re5+ Kf6 40. Rh5 Kg6 41. Rd5 Kf6 42. f4 Ke7 43. a4 Ke6 $2 (43... bxa4 $16 44. bxa4 c4) 44. axb5 $18 axb5 45. b4 cxb4 (45... c4 {was called for.} 46. Rxb5 Ra6) 46. Rxc6+ Rxc6 47. Rxb5 {[%emt 0:00:07] KR-KR} Rc2+ 48. Kd3 $1 Rh2 (48... Rb2 $142 49. Rb6+ {[%mdl 64] Skewer} Ke7 50. Rxh6 f6 51. Rh7+ Kd6) 49. Rb6+ Ke7 50. Rxh6 ({Weaker is} 50. Rxb4 f6 51. Kd4 Rd2+ 52. Kc4 Re2 $18) 50... b3 51. Rb6 b2 {[%emt 0:00:03] [#]} 52. h4 $1 Kf8 {[%emt 0:01:53] [#]} (52... f6 53. h5) 53. h5 $1 Kg7 (53... Ke8 54. e5) 54. Kc3 Re2 55. Rxb2 (55. h6+ $142 Kh7 56. Kd3) 55... Rxe3+ 56. Kd4 Rh3 (56... Rf3 $142 57. Rg2+ Kf8) 57. Rb5 Rh1 58. Rf5 Kf8 59. Rg5 (59. e5 $142 Ke8 60. Kd3) 59... Ke7 60. Ra5 Kf8 61. Rb5 $2 (61. Ke3 $18 {Rf5 would be deadly.} Rh3+ 62. Ke2) 61... Rh4 $2 (61... Kg7 $11 {and Black stays safe.} 62. Rg5+ Kf8) 62. Rf5 $2 (62. Ke3) 62... Rh1 $1 63. e5 Ke7 64. Ke4 (64. Kd3 $142 Rh2 65. Ke3) 64... Rh3 65. Rg5 {[%emt 0:00:58] Strongly threatening f5.} Rh4 $2 {[%emt 0:00:25][%mdl 8192] [#]} (65... Kf8 $16 66. Kd5 Ke7) 66. Kf5 $2 (66. Kf3 $1 $18 Ke6 67. Kg3) 66... Rh1 $2 {[%emt 0:00:25][%mdl 8192] [#]} (66... Kf8 $14 67. Ke4 Rh3) 67. Ke4 $2 ({White has to play} 67. Kg4 $1 $18 {Hoping for Rf5.} Ke6 68. Kg3) 67... Rh4 $1 $14 68. Rf5 ({White should try} 68. Rg1 $14) 68... Rh3 $16 69. Kd4 $2 (69. Kd5 $16) 69... Rh1 $1 $18 70. Ke3 Rh3+ 71. Kf2 {[%emt 0:00:14] aiming for Kg2.} Rh4 72. Kg3 Rh1 73. Kg2 Rh4 74. Kg3 Rh1 75. Kg4 Rg1+ 76. Kh4 Rh1+ 77. Kg5 Ke6 78. Rf6+ Ke7 79. Kh6 Rh4 80. Kg7 Rg4+ 81. Kh7 Rh4 82. h6 Rg4 83. Rf5 Kf8 84. e6 Ke7 85. exf7 Kf8 86. Rg5 $2 (86. Rb5 $18 {Rf5 would kill now.} Kxf7 87. Rf5+ Ke7 88. Kh8) 86... Rxf4 $11 {[%emt 0:00:52] The position is equal.} 87. Kg6 Rf6+ $1 88. Kh7 Rxf7+ 89. Kh8 (89. Kg6 $5 Kg8 $8 90. Re5 Rg7+ 91. hxg7 $11 (91. Kf6 Rg1 $11)) 89... Rf6 90. Kh7 Rf7+ 91. Rg7 (91. Kg6 $5 Kg8 $8 92. Kh5+ Kh7 93. Kg4 $11) 91... Rf1 92. Rg2 Rf7+ 93. Kg6 Kg8 94. Rb2 Rf8 {[%emt 0:00:17] Inhibits Rb8.} 95. Rb7 Ra8 96. Rb6 Rc8 97. Ra6 Rb8 98. Rf6 Ra8 99. Re6 Rb8 100. Ra6 Rc8 101. Rb6 Ra8 102. Rd6 Rc8 103. h7+ Kh8 104. Kh6 Ra8 {[%emt 0:00:05] Black escapes into a draw.   Weighted Error Value: White=0.25 (precise) /Black=0.28 (precise)} 1/2-1/2